 Dungeon Crawl Stone Soup version 0.29-a0-1065-g47a6bb87d6 (webtiles) character file.

Game seed: 12226624615318473235

147639 snetch the Peltast (level 16, -12/139 HPs)
             Began as a Minotaur Berserker on Aug 16, 2022.
             Was a High Priest of Trog.
             Killed by the raging water
             ... invoked by a water nymph
              (14 damage)
             ... on level 4 of the Shoals on Aug 18, 2022.
             The game lasted 02:10:15 (30574 turns).

snetch the Peltast (Minotaur Berserker)            Turns: 30574, Time: 02:10:18

Health: -12/139    AC: 38    Str: 31    XL:     16   Next: 92%
Magic:  15/15      EV:  5    Int:  8    God:    Trog [*****.]
Gold:   2752       SH:  0    Dex: 12    Spells: 15/15 levels left

rFire   + + +      SeeInvis .   a - +7 broad axe
rCold   + + .      Faith    .   O - +5 kite shield {rC+}
rNeg    . . .      Spirit   .   i - +10 plate armour {ponderous}
rPois   +          Reflect  +   (helmet restricted)
rElec   .          Harm     .   Q - +2 cloak {rCorr}
rCorr   +          Rampage  +   j - +2 pair of gloves of Vampiric Thralls {+Blink rF++}
Will    +++..                   l - +2 pair of boots {rampage}
Stlth   ..........              g - amulet of reflection
HPRegen 1.33/turn               L - ring of protection from cold
MPRegen 0.14/turn               K - ring of Teteilai {rPois rF+ rCorr Str+3 Int+4}

@: lethally poisoned (-12 -> -34), strong-willed, on berserk cooldown, held,
regenerating, slowed, very slow
A: horns 2, retaliatory headbutt, frail 1
a: Renounce Religion, Evoke Blink, Berserk, Trog's Hand, Brothers in Arms


You were on level 4 of the Shoals.
You worshipped Trog.
Trog was extremely pleased with you.
You visited 5 branches of the dungeon, and saw 27 of its levels.
You also visited: Sewer, Gauntlet and Ice Cave.

You collected 3510 gold pieces.
You spent 758 gold pieces at shops.

Inventory:

Hand Weapons
 a - a +7 broad axe (weapon)
 c - a +2 hand axe of flaming
Missiles
 b - 2 throwing nets
 k - a boomerang of dispersal
 n - 7 poisoned darts
 o - 81 stones
 p - 37 boomerangs (quivered)
 q - 13 javelins
 E - 4 curare-tipped darts
 P - 8 silver javelins
 Y - 8 atropa-tipped darts
Armour
 i - a +10 plate armour of ponderousness (worn)
 j - the +2 pair of gloves of Vampiric Thralls (worn) {+Blink rF++}
   (You found it in a Gauntlet)

   rF:        It greatly protects you from fire.
   +Blink:    It lets you blink.
 l - a +2 pair of boots of rampaging (worn)
 O - a +5 kite shield of cold resistance (worn)
 Q - a +2 cloak of preservation (worn)
Jewellery
 g - an amulet of reflection (around neck)
 z - the ring "Lablegoj" {rF- rC+ rCorr SInv}
   (You found it in a Gauntlet)

   [ring of protection from cold]

   rF:        It makes you vulnerable to fire.
   rC:        It protects you from cold.
   SInv:      It lets you see invisible.
   rCorr:     It protects you from acid and corrosion.
 K - the ring of Teteilai (right hand) {rPois rF+ rCorr Str+3 Int+4}
   (You took it off a minotaur in a Gauntlet)

   [ring of poison resistance]

   Str:       It affects your strength (+3).
   Int:       It affects your intelligence (+4).
   rF:        It protects you from fire.
   rPois:     It protects you from poison.
   rCorr:     It protects you from acid and corrosion.
 L - a ring of protection from cold (left hand)
Wands
 D - a wand of iceblast (23)
 M - a wand of digging (2)
 R - a wand of flame (4)
 S - a wand of quicksilver (6)
 T - a wand of mindburst (4)
 Z - a wand of charming (20)
Scrolls
 f - 10 scrolls of magic mapping {unknown}
 m - 13 scrolls of teleportation
 s - 4 scrolls of summoning
 v - 4 scrolls of fog
 w - 6 scrolls of immolation
 x - 3 scrolls of blinking
 y - 3 scrolls of vulnerability
 G - a scroll of enchant armour
 H - 4 scrolls of poison
 J - 5 scrolls of fear
 N - 3 scrolls of silence
 X - 4 scrolls of brand weapon {unknown}
Potions
 d - 6 potions of mutation {unknown}
 h - 21 potions of curing
 r - 3 potions of attraction
 t - 3 potions of ambrosia
 u - 13 potions of heal wounds
 A - 8 potions of flight
 B - 5 potions of lignification {unknown}
 C - 4 potions of haste
 F - 4 potions of cancellation
 I - a potion of might
 U - 3 potions of resistance
 V - 3 potions of invisibility
Miscellaneous
 e - a phantom mirror
 W - a lightning rod (4/4)


   Skills:
 + Level 17.3 Fighting
 + Level 3.1 Long Blades
 - Level 15.2(18.0) Axes
 + Level 9.0(13.2) Maces & Flails
 + Level 13.2(16.1) Polearms
 + Level 1.7 Ranged Weapons
 + Level 4.9 Throwing
 + Level 15.4 Armour
 + Level 6.0 Dodging
 + Level 1.5 Stealth
 + Level 17.6 Shields
 + Level 0.1 Evocations


You had 15 spell levels left.
You didn't know any spells.
Your spell library contained the following spells:

 Spells                   Type           Power      Damage    Failure   Level
 Foxfire                  Conj/Fire      0%         2x1d4     98%         1
 Magic Dart               Conj           0%         1d3       98%         1
 Call Imp                 Summ           0%         N/A       99%         2
 Ensorcelled Hibernation  Hex/Ice        0%         N/A       99%         2
 Passwall                 Tmut/Erth      0%         N/A       99%         2
 Poisonous Vapours        Pois/Air       0%         N/A       99%         2
 Conjure Flame            Conj/Fire      0%         6-21      100%        3
 Dazzling Flash           Conj/Hex       0%         N/A       100%        3
 Ignite Poison            Fire/Tmut/Pois 0%         N/A       100%        3
 Inner Flame              Hex/Fire       0%         N/A       100%        3
 Mephitic Cloud           Conj/Pois/Air  0%         N/A       100%        3
 Portal Projectile        Hex/Tloc       0%         N/A       100%        3
 Summon Guardian Golem    Hex/Summ       0%         N/A       100%        3
 Swiftness                Air            0%         N/A       100%        3
 Corpse Rot               Necr/Pois/Air  0%         N/A       100%        4
 Flame Wave               Conj/Fire      0%         2d4       100%        4
 Fulminant Prism          Conj/Hex       0%         3d6       100%        4
 Iskenderun's Mystic Bla  Conj/Tloc      0%         2d3       100%        4
 Petrify                  Tmut/Erth      0%         N/A       100%        4
 Alistair's Intoxication  Tmut/Pois      0%         N/A       100%        5
 Borgnjor's Vile Clutch   Necr/Erth      0%         N/A       100%        5
 Fireball                 Conj/Fire      0%         3d3       100%        5
 Freezing Cloud           Conj/Ice/Air   0%         6-21      100%        5
 Iskenderun's Battlesphe  Conj           0%         2d6       100%        5
 Lee's Rapid Deconstruct  Erth           0%         3d5*      100%        5
 Conjure Ball Lightning   Conj/Air       0%         3x3d6     100%        6
 Eringya's Noxious Bog    Tmut/Pois      0%         N/A       100%        6
 Starburst                Conj/Fire      0%         6d3       100%        6
 Statue Form              Tmut/Erth      0%         N/A       100%        6
 Orb of Destruction       Conj           0%         9d5       100%        7
 Spellforged Servitor     Conj/Summ      0%         N/A       100%        7


Dungeon Overview and Level Annotations

Branches:
Dungeon (15/15)            Temple (1/1) D:7            Lair (5/5) D:11
 Shoals (4/4) Lair:3        Snake (0/4) Lair:3        Slime (0/5) Lair:5
    Orc (2/2) D:10            Elf (0/3) Orc:2        Vaults (0/5) D:13
  Sewer (visited)           IceCv (visited)         Gauntlet (visited)
 Depths: D:15

Altars:
Ashenzari
Cheibriados
Dithmenos
Elyvilon
Fedhas
Gozag
Hepliaklqana
Kikubaaqudgha
Makhleb
Nemelex Xobeh
Okawaru
Qazlal
Ru
Sif Muna
Trog
Uskayaw
Vehumet
Wu Jian
Xom
Yredelemnul
Zin
The Shining One
Jiyva

Shops:
D:8 !   D:11 =(=?   Orc:2 [*(:   Shoals:3 *

Portals:
Trove: D:13 (give ring "Rerot")

Annotations:
D:10 1 runed translucent door, Newt's ghost, journeyman DsGl
Shoals:4 Mlioglotl


Innate Abilities, Weirdness & Mutations

You have a pair of horns on your head.
You reflexively headbutt those who attack you in melee.
You are frail. (-10% HP)


Message History

You feel yourself slow down.
You feel sick.
The sea snake bites you but does no damage.
The merfolk impaler hits you from afar with a +2 trident of venom!
* * * LOW HITPOINT WARNING * * *
The water nymph touches you. The water nymph drowns you!
* * * LOW HITPOINT WARNING * * *
The merfolk hits you from afar with a +0 trident!
* * * LOW HITPOINT WARNING * * *
The merfolk impaler hits you but does no damage.
You feel much better.
You feel sick.
The sea snake bites you but does no damage.
The merfolk hits you but does no damage. x2
The merfolk impaler hits you but does no damage.
You are more poisoned.
The water nymph touches you. The water nymph drowns you!
* * * LOW HITPOINT WARNING * * *
The merfolk hits you but does no damage.
The sea snake bites you but does no damage.
The merfolk hits you but does no damage. x2
The merfolk impaler hits you from afar with a +2 trident of venom.
* * * LOW HITPOINT WARNING * * *
You feel much better.
You feel very sick. The water nymph touches you.
* * * LOW HITPOINT WARNING * * *
The water nymph drowns you!
* * * LOW HITPOINT WARNING * * *
The merfolk hits you but does no damage.
The sea snake bites you but does no damage.
The merfolk impaler hits you from afar with a +2 trident of venom!
* * * LOW HITPOINT WARNING * * *
You are lethally poisoned!
The merfolk hits you but does no damage.
The merfolk hits you from afar with a +0 trident!
* * * LOW HITPOINT WARNING * * *
The merfolk impaler barely misses you.
The merfolk hits you but does no damage.
The water nymph casts a spell at you. The water swirls and strikes you!
You die...

~~~......~~~≈≈≈
~~~.......~~~≈≈≈≈
~~.......~~~≈≈≈≈≈
~........~~~≈≈≈≈≈
~........~~~≈≈≈≈≈
.........~~~≈≈≈≈≈
.......m(~~≈≈≈≈≈≈
.......)S~~~≈≈≈≈≈
.......@mm~~≈≈≈≈≈
.......~mm~~≈≈≈≈≈
.........~~≈≈≈≈≈≈
.........~~≈≈≈≈≈≈
.........~~≈≈≈≈≈≈
.........~~≈≈≈≈≈≈
..).....#.~~≈≈≈≈≈
~......##.~~≈≈≈≈≈


You could see a merfolk impaler, a sea snake, 3 merfolk and a water nymph.

Vanquished Creatures
  Rupert (Lair:3)
  Polyphemus (Shoals:4)
  An orc warlord (Orc:2)
  A reaper (Gauntlet)
  A minotaur (Gauntlet)
  The ghost of Leaxt the Severer, a journeyman MiBe of Trog (Lair:3)
  A great orb of eyes (D:15)
  5 merfolk impalers
  8 vault guards (D:13)
  5 hydras
  A catoblepas (Shoals:3)
  Erolcha (Orc:1)
  3 merfolk avatars
  A boulder beetle (D:11)
  A hell beast (Gauntlet)
  6 centaur warriors
  A merfolk aquamancer (Shoals:1)
  9 two-headed ogres
  Erica (Lair:2)
  An ogre mage (D:15)
  A tengu warrior (D:12)
  15 death yaks
  3 orc high priests (Orc:2)
  Sonja (Orc:1)
  2 skeletal warriors (D:12)
  8 sea snakes
  A spectral death yak (Lair:3)
  A spectral hydra (Lair:3)
  A bog body (Lair:4)
  The ghost of pigah the Zephyrmancer, a novice OpAE of Gozag (D:6)
  11 harpies
  10 ugly things
  2 orc knights
  4 cyclopes
  11 fauns
  15 elephants (Lair:5)
  10 manticores
  2 orc sorcerers (Orc:2)
  7 merfolk sirens
  3 ice statues (IceCv)
  6 water nymphs
  4 black mambas
  12 cane toads
  2 gargoyles
  Maggie (D:7)
  2 torpor snails (Lair:5)
  5 rime drakes
  11 komodo dragons
  An unseen horror (D:12)
  Psyche (D:10)
  A freezing wraith (IceCv)
  3 anaconda simulacra
  An efreet (D:14)
  2 tengu conjurers (D:15)
  A hellwing (Gauntlet)
  23 merfolk
  An ice devil (Gauntlet)
  4 trolls
  3 meliai
  7 polar bears
  2 wind drakes
  25 blink frogs
  9 snapping turtles
  5 hornets (Lair:5)
  A spectral dream sheep (Lair:3)
  23 dream sheep
  A shadow (D:10)
  A vampire (D:10)
  12 spriggans (Lair:5)
  38 yaks
  14 water elementals
  3 wraiths
  4 wyverns
  A spectral komodo dragon (Lair:3)
  8 basilisks
  A steam dragon (D:7)
  8 vampire mosquitoes
  A warg (Orc:1)
  A steam dragon (shapeshifter) (D:15)
  Menkaure (D:7)
  Edmund (D:4)
  2 death yak simulacra (Lair:4)
  A harpy simulacrum (Lair:4)
  3 hydra simulacra
  6 nagas (Lair:3)
  2 hell hounds (Gauntlet)
  An acid dragon (D:9)
  14 water moccasins
  7 black bears
  A sky beast (D:6)
  28 orc warriors
  A boulder beetle simulacrum (Lair:3)
  4 boggarts (Lair:5)
  38 wolves
  11 centaurs
  An ogre (Orc:1)
  A phantom (D:5)
  18 bullfrogs
  2 necrophages
  5 scorpions
  A two-headed ogre simulacrum (Lair:4)
  2 cane toad simulacra (IceCv)
  11 wights
  An elephant simulacrum (Lair:4)
  8 killer bees
  5 electric eels
  21 howler monkeys
  24 orc priests
  7 hounds
  Crazy Yiuf (D:7)
  A gnoll bouda (D:4)
  3 jellies
  7 iguanas
  32 orc wizards
  2 polar bear simulacra
  2 wolf simulacra (IceCv)
  8 gnolls
  12 adders
  6 river rats (Sewer)
  2 shadow imps (Gauntlet)
  4 white imps
  2 ufetubi (D:6)
  2 worms (D:2)
  3 dart slugs
  95 orcs
  6 endoplasms
  3 giant cockroaches
  7 goblins
  11 hobgoblins
  9 jackals
  5 kobolds
  A quokka (D:4)
  12 ball pythons
  5 bats
  10 frilled lizards
  10 rats
897 creatures vanquished.

Vanquished Creatures (collateral kills)
  A death yak (Lair:5)
  A skeletal warrior (D:12)
  2 orc knights (Orc:2)
  2 orc sorcerers (Orc:2)
  A cane toad (Lair:5)
  4 dream sheep (Lair:5)
  A basilisk (D:15)
  4 orc warriors (Orc:2)
  An orc wizard (Orc:2)
  An orc (Orc:2)
18 creatures vanquished.

Vanquished Creatures (others)
  A butterfly (D:10)
  31 fungi
  83 plants
  22 withered plants (Gauntlet)
137 creatures vanquished.

Grand Total: 1052 creatures vanquished

Notes
Turn   | Place    | Note
-------+----------+-------------------------------------------
     0 | D:1      | snetch the Minotaur Berserker began the quest for the Orb.
     0 | D:1      | Reached XP level 1. HP: 19/19 MP: 0/0
   121 | D:1      | Reached XP level 2. HP: 22/27 MP: 1/1
   202 | D:2      | Reached XP level 3. HP: 16/33 MP: 2/2
   515 | D:1      | Reached ** piety under Trog
   616 | D:1      | Found a faded altar of an unknown god.
   973 | D:2      | Reached XP level 4. HP: 40/40 MP: 3/3
  1293 | D:3      | Reached skill level 5 in Axes
  1539 | D:3      | Reached skill level 1 in Shields
  1720 | D:3      | Reached XP level 5. HP: 47/47 MP: 4/4
  1726 | D:3      | Found a shadowy altar of Dithmenos.
  2587 | D:4      | Noticed Edmund
  2594 | D:4      | Killed Edmund
  2595 | D:4      | Reached XP level 6. HP: 48/55 MP: 5/5
  2754 | D:5      | Entered Level 5 of the Dungeon
  2793 | D:5      | Reached skill level 5 in Fighting
  2874 | D:5      | Found a glowing drain.
  2888 | Sewer    | Entered a sewer
  2930 | Sewer    | Reached *** piety under Trog
  3017 | Sewer    | Reached XP level 7. HP: 61/61 MP: 6/6
  3313 | D:5      | Reached skill level 5 in Polearms
  3928 | D:4      | Reached XP level 8. HP: 70/70 MP: 7/7
  4504 | D:6      | Reached skill level 5 in Armour
  4601 | D:6      | Reached **** piety under Trog
  4639 | D:6      | Found a glowing silver altar of Zin.
  4861 | D:6      | Found a runed translucent door.
  4883 | D:6      | Noticed pigah's ghost (novice OpAE)
  4905 | D:6      | Reached XP level 9. HP: 64/78 MP: 8/8
  5302 | D:6      | Found an opulent altar of Gozag.
  5615 | D:7      | Reached skill level 10 in Polearms
  5876 | D:7      | Noticed Menkaure
  5882 | D:7      | Reached skill level 1 in Maces & Flails
  5885 | D:7      | Killed Menkaure
  5982 | D:7      | Found a staircase to the Ecumenical Temple.
  6151 | D:7      | Noticed Maggie
  6162 | D:7      | Killed Maggie
  6265 | D:7      | Found a runed translucent door.
  6266 | D:7      | Noticed Crazy Yiuf
  6272 | D:7      | Killed Crazy Yiuf
  6441 | Temple   | Entered the Ecumenical Temple
  6741 | D:8      | Reached XP level 10. HP: 86/86 MP: 9/9
  6826 | D:8      | Found Tiwkanuh's Distillery.
  6843 | D:8      | Bought a potion of degeneration for 11 gold pieces
  6843 | D:8      | Bought 2 potions of heal wounds for 110 gold pieces
  6843 | D:8      | Bought a potion of haste for 110 gold pieces
  6843 | D:8      | Bought a potion of resistance for 110 gold pieces
  6843 | D:8      | Bought a potion of cancellation for 88 gold pieces
  7152 | D:9      | Reached skill level 5 in Maces & Flails
  7162 | D:9      | Reached ***** piety under Trog
  7388 | D:6      | Killed pigah's ghost
  7792 | D:10     | Entered Level 10 of the Dungeon
  8217 | D:10     | Noticed a manticore
  8225 | D:10     | Killed a manticore
  8271 | D:11     | Noticed a gargoyle
  8283 | D:11     | Killed a gargoyle
  8288 | D:11     | Found Bism's Weapon Boutique.
  8292 | D:11     | Found Cunaupefo's Magic Scroll Boutique.
  8302 | D:11     | Found Meoprucw's Jewellery Boutique.
  8304 | D:11     | Bought a scroll of blinking for 120 gold pieces
  8305 | D:11     | Found Kexoiddo's Jewellery Boutique.
  8341 | D:11     | Noticed a cyan ugly thing
  8348 | D:11     | Killed a cyan ugly thing
  8381 | D:11     | Found a staircase to the Lair.
  8392 | D:11     | Reached XP level 11. HP: 80/95 MP: 10/10
  8454 | D:11     | Found a frozen archway.
  8483 | IceCv    | Entered an ice cave
  8541 | IceCv    | Identified the +12 scimitar of the Six Artisans {freeze,
                  | Fragile Str+2 SInv}
  8572 | IceCv    | Reached skill level 10 in Armour
  8615 | IceCv    | Noticed a white ugly thing
  8627 | IceCv    | Reached skill level 5 in Dodging
  8636 | IceCv    | Killed a white ugly thing
  8690 | IceCv    | Got the Enchiridion on Alluring Transmigration
  8693 | IceCv    | Identified the +0 ring mail of Piechypu {rF+ Str+3}
  8842 | D:11     | Identified a scroll of acquirement
  8879 | D:10     | Found a runed translucent door.
  8883 | D:10     | Noticed Newt's ghost (journeyman DsGl)
  8923 | D:9      | Upgraded the game from 0.29-a0-1047-g7c58e119a4 to
                  | 0.29-a0-1052-g6990b1bffc
  8933 | D:9      | Acquired 522 gold pieces
  9006 | D:10     | Found a staircase to the Orcish Mines.
  9162 | D:10     | Received a gift from Trog
  9394 | D:10     | Found a white marble altar of Elyvilon.
  9491 | D:10     | You fall into a shaft and drop 2 floors!
  9778 | D:10     | Noticed Psyche
  9787 | D:10     | Killed Psyche
 10502 | D:11     | Noticed a boulder beetle
 10528 | D:11     | Killed a boulder beetle
 10865 | D:11     | Bought a scroll of fear for 64 gold pieces
 10865 | D:11     | Bought a scroll of poison for 64 gold pieces
 10865 | D:11     | Bought a scroll of fog for 64 gold pieces
 10971 | D:12     | Reached skill level 10 in Fighting
 10982 | D:13     | Noticed a centaur warrior
 10994 | D:13     | Reached skill level 1 in Throwing
 11016 | D:13     | Killed a centaur warrior
 11017 | D:13     | Noticed a tengu warrior
 11030 | D:12     | Killed a tengu warrior
 11031 | D:12     | Reached XP level 12. HP: 35/106 MP: 11/11
 11035 | D:12     | Upgraded the game from 0.29-a0-1052-g6990b1bffc to
                  | 0.29-a0-1065-g47a6bb87d6
 11434 | D:12     | Noticed a two-headed ogre
 11454 | D:12     | Killed a two-headed ogre
 11455 | D:12     | Reached skill level 10 in Axes
 11455 | D:12     | Reached skill level 5 in Shields
 11794 | D:13     | Found a portal to a secret trove of treasure.
 11818 | D:13     | Noticed a vault guard
 11818 | D:13     | Noticed a vault guard
 11818 | D:13     | Noticed a vault guard
 11819 | D:13     | Noticed a vault guard
 12317 | D:13     | Noticed a vault guard
 12321 | D:13     | Noticed a vault guard
 12337 | D:13     | Killed a vault guard
 12342 | D:13     | Killed a vault guard
 12432 | D:13     | Killed a vault guard
 12942 | D:13     | Found a gate to the Vaults.
 12980 | D:13     | Killed a vault guard
 13072 | D:13     | Noticed a vault guard
 13084 | D:13     | Killed a vault guard
 13087 | D:13     | Killed a vault guard
 13525 | D:13     | Killed a vault guard
 13556 | D:13     | Noticed a vault guard
 13573 | D:13     | Killed a vault guard
 14040 | D:14     | Reached XP level 13. HP: 91/115 MP: 12/12
 14450 | D:14     | Reached skill level 1 in Stealth
 14687 | D:15     | Entered Level 15 of the Dungeon
 15786 | D:15     | Found a hide-covered altar of Uskayaw.
 16121 | Lair:1   | Entered Level 1 of the Lair of Beasts
 16319 | Lair:1   | Found a gate leading to a gauntlet.
 16383 | Gauntlet | Entered a Gauntlet
 16383 | Gauntlet | Found a transporter.
 16383 | Gauntlet | Found a transporter.
 16383 | Gauntlet | Found a transporter.
 16384 | Gauntlet | Found a transporter.
 16387 | Gauntlet | Found a transporter.
 16388 | Gauntlet | Found a transporter.
 16401 | Gauntlet | Found a transporter.
 16403 | Gauntlet | Found a transporter.
 16415 | Gauntlet | Found a transporter.
 16423 | Gauntlet | Noticed a reaper
 16515 | Gauntlet | Found a transporter.
 16519 | Gauntlet | Found a transporter.
 16529 | Gauntlet | Found a transporter.
 16640 | Gauntlet | Identified the +2 pair of gloves of Vampiric Thralls
                  | {+Blink rF++}
 16891 | Gauntlet | Killed a reaper
 16906 | Gauntlet | Identified the +6 trident "Ultimatum" {drain, rF- Will+
                  | Str+2}
 16910 | Gauntlet | Identified the ring "Lablegoj" {rF- rC+ rCorr SInv}
 16999 | Gauntlet | Identified the ring of Teteilai {rPois rF+ rCorr Str+3
                  | Int+4}
 16999 | Gauntlet | Noticed a minotaur
 17017 | Gauntlet | Killed a minotaur
 17028 | Gauntlet | Identified the ring "Jinesk" {rElec rPois rCorr}
 17336 | Lair:1   | Reached skill level 10 in Shields
 18143 | Lair:2   | Reached XP level 14. HP: 119/125 MP: 13/13
 18321 | Lair:2   | Noticed Erica
 18326 | Lair:2   | Killed Erica
 19370 | Lair:3   | Found a staircase to the Snake Pit.
 19399 | Lair:3   | Found a runed translucent gate.
 19426 | Lair:3   | Reached skill level 1 in Long Blades
 19512 | Lair:3   | Found a staircase to the Shoals.
 19640 | Lair:3   | Noticed Rupert
 19669 | Lair:3   | Killed Rupert
 19804 | Lair:3   | Found a runed translucent gate.
 19804 | Lair:3   | Found a runed translucent gate.
 19804 | Lair:3   | Noticed Leaxt's ghost (journeyman MiBe)
 20435 | Lair:3   | Killed Leaxt's ghost
 20890 | Lair:4   | You fall into a shaft and drop 1 floor!
 20890 | Lair:5   | Entered Level 5 of the Lair of Beasts
 20898 | Lair:5   | Reached skill level 15 in Axes
 21281 | Lair:5   | Found a staircase to the Slime Pits.
 21281 | Lair:5   | Found a viscous altar of Jiyva.
 21333 | Lair:5   | Reached XP level 15. HP: 136/136 MP: 14/14
 21439 | Lair:4   | Identified the +12 arbalest "Meunn" {freeze, rElec rPois}
 22752 | Lair:5   | Received a gift from Trog
 23122 | Lair:5   | Reached ****** piety under Trog
 23487 | Lair:5   | Reached skill level 15 in Fighting
 24111 | Orc:1    | Entered Level 1 of the Orcish Mines
 24324 | Orc:1    | Found a runed translucent door.
 24519 | Orc:2    | Entered Level 2 of the Orcish Mines
 24628 | Orc:2    | Received a gift from Trog
 24641 | Orc:2    | Noticed an orc warlord
 24698 | Orc:2    | Killed an orc warlord
 25145 | Orc:2    | Received a gift from Trog
 25195 | Orc:2    | Gained mutation: You are frail. (-10% HP) [a neqoxec]
 25311 | Orc:2    | Found Ras Rir's Antique Armour Shoppe.
 25312 | Orc:2    | Found Enaoxtob's Antique Weapon Shoppe.
 25314 | Orc:2    | Found Sutsuh's General Store.
 25314 | Orc:2    | Found Rederhit's Book Emporium.
 25330 | Orc:2    | Bought a scroll of noise for 17 gold pieces
 25513 | Orc:2    | Found a staircase to the Elven Halls.
 25646 | Orc:1    | Noticed Sonja
 25664 | Orc:1    | Killed Sonja
 25798 | Orc:1    | Noticed Erolcha
 25807 | Orc:1    | Killed Erolcha
 25808 | Orc:1    | Reached skill level 15 in Shields
 26345 | Shoals:1 | Entered Level 1 of the Shoals
 26361 | Shoals:1 | Reached XP level 16. HP: 92/135 MP: 15/15
 26620 | Shoals:1 | Reached skill level 1 in Ranged Weapons
 26657 | Shoals:1 | Received a gift from Trog
 28678 | Shoals:2 | Reached skill level 15 in Armour
 29188 | Shoals:2 | Received a gift from Trog
 29502 | Shoals:4 | Entered Level 4 of the Shoals
 29502 | Shoals:4 | Noticed Mlioglotl
 29776 | Shoals:3 | Found Luotobli's CLEARANCE SALE!.
 30119 | Shoals:4 | Noticed Polyphemus
 30262 | Shoals:4 | Killed Polyphemus
 30572 | Shoals:4 | HP: 3/139 [merfolk/+0 trident (10)]
 30574 | Shoals:4 | Killed from afar by a water nymph

Illustrated notes

Levels and vault maps discovered:
D:1:      minmay_arrival_radiant_lines, layout_rooms,
          shapermc_ecumenical_altar_notcrosses, grunt_decor_fettered
D:2:      layout_rooms, hangedman_decor_push
D:3:      layout_loops_corners, grunt_dithmenos_smoke
D:4:      layout_basic, serial_bayou_lake_a, uniq_edmund
D:5:      layout_basic, portal_sewer_entry_d
D:6:      layout_loops_cross, mainiacjoe_overflow_brackets,
          hellmonk_ghost_happy_afterlife, minmay_ruined_shrine
D:7:      layout_loops_ring, temple_pool_b, uniq_menkaure, uniq_maggie,
          uniq_crazy_yiuf_cottage
D:8:      layout_loops_cross, serial_shops, shop
D:9:      layout_basic
D:10:     layout_stronghold, nicolae_elyvilon_peaceful_grove, david_orc_2,
          hellmonk_ghost_big_iron, uniq_psyche
D:11:     nicolae_cairo_tiling_very_big, layout_basic, david_lair_generic,
          portal_ice_cave_rime, minmay_shop_grid_forest
D:12:     layout_roguey, david_defended_altar_orc
D:13:     layout_roguey, erik_vaults_2, nicolae_trove_entry_crossroad
D:14:     layout_roguey, corexii_leaking_fountain
D:15:     gammafunk_enter_depths_forms, layout_small_grid,
          kennysheep_pointless_box, nicolae_uskayaw_dance_hall
Temple:   nicolae_temple_bog_church
Lair:1:   layout_gridlike, gauntlet_entry_generic,
          chequers_serial_rivers_small_3, eino_small_chamber_without_monster,
          dreamdust_deal_with_the_devil
Lair:2:   nzn_winding_woodlands_stair_trap
          [nzn_winding_woodlands_5x15_concentric,
          nzn_winding_woodlands_5x15_longhouse,
          nzn_winding_woodlands_5x15_crooked,
          nzn_winding_woodlands_15x15_killbox, nzn_winding_woodlands_5x15_cabin,
          nzn_winding_woodlands_5x15_sawtooth, nzn_winding_woodlands_5x15_pool],
          layout_misc_corridors, uniq_erica
Lair:3:   layout_cave_pods, minmay_shoals_entry_hut,
          minmay_snake_entry_guardpost_medium, gammafunk_ghost_necromancy,
          uniq_rupert
Lair:4:   dreamdust_isle_of_ice, layout_loops_ring, serial_bayou_shore_b,
          serial_bayou_shore_a
Lair:5:   minmay_lair_end_enchanted_forest, layout_gridlike, slime_entry_1,
          lemuel_fruit_fields, serial_bayou_shore_b
Shoals:1: layout_shoals, nicolae_shoals_water_elemental_grotto
Shoals:2: layout_shoals
Shoals:3: layout_shoals, nicolae_shop_clearance, uniq_ilsuiw, uniq_nikola
Shoals:4: shoals_end_grunt_ice, layout_shoals, uniq_mlioglotl, uniq_mara,
          uniq_polyphemus
Orc:1:    layout_diamond_mine, lightli_church_of_beogh, uniq_sonja, uniq_erolcha
Orc:2:    st_orc_congregation, layout_diamond_mine

Skill      XL: |  1  2  3  4  5  6  7  8  9 10 11 12 13 14 15 16 |
---------------+-------------------------------------------------+-----
Fighting       | 4 5 6 7 8 10 11 13 15 17 | 17.3
Axes           | 4 5 6 9 10 13 15 | 15.2
Armour         | 3 4 5 8 9 10 11 12 13 14 15 | 15.4
Shields        | 1 2 3 4 7 10 12 15 17 | 17.6
Polearms       | 2 4 6 9 11 12 13 | 13.2
Dodging        | 3 4 5 6 |  6.0
Maces & Flails | 4 6 9 |  9.0
Throwing       | 1 3 4 |  4.9
Stealth        | 1 |  1.5
Long Blades    | 3 |  3.1
Ranged Weapons | 1 |  1.7
Evocations     | |  0.1

Action                   |  1- 3 |  4- 6 |  7- 9 | 10-12 | 13-15 | 16-18 || total
-------------------------+-------+-------+-------+-------+-------+-------++-------
Melee: Hand axe          |    86 |    33 |       |       |       |       ||   119
       Headbutt          |    14 |    12 |    37 |   140 |   277 |   110 ||   590
       Halberd           |       |   100 |   216 |   163 |       |       ||   479
       Flail             |       |       |    79 |   169 |       |       ||   248
       War axe           |       |       |       |   172 |       |       ||   172
       Broad axe         |       |       |       |    55 |  1151 |   502 ||  1708
       Scimitar          |       |       |       |       |    28 |       ||    28
 Fire: Arbalest          |       |       |       |       |    11 |     4 ||    15
Throw: Stone             |     1 |       |       |    16 |    76 |    18 ||   111
       Dart              |       |       |       |    26 |    11 |     2 ||    39
       Boomerang         |       |       |       |       |       |     6 ||     6
Invok: Berserk           |     1 |     1 |     2 |     6 |     8 |     1 ||    19
       Trog's Hand       |       |     1 |     2 |     4 |    10 |     4 ||    21
       Brothers in Arms  |       |       |       |     1 |     5 |       ||     6
 Abil: Evoke Blink       |       |       |       |       |     1 |       ||     1
  Use: Scroll            |       |       |       |    14 |    11 |     3 ||    28
       Potion            |       |       |       |       |     1 |     2 ||     3
 Stab: Distracted        |       |       |       |       |     1 |       ||     1
       Petrified         |       |       |       |       |     2 |       ||     2
Armor: Animal skin       |     9 |       |       |       |       |       ||     9
       Chain mail        |    15 |    52 |   130 |   133 |       |       ||   330
       Plate armour      |       |       |       |   135 |   627 |   225 ||   987
Dodge: Dodged            |    61 |    49 |   127 |   172 |   273 |    97 ||   779
Block: Other             |    12 |    33 |    31 |       |       |       ||    76
       Reflection        |       |     2 |       |     8 |    39 |    38 ||    87
       Kite shield       |       |       |       |   251 |  1159 |   550 ||  1960

Table legend: (Time is in decaauts)
 A = Elapsed time spent in this place.
 B = Non-inter-level travel time spent in this place.
 C = Inter-level travel time spent in this place.
 D = Time resting spent in this place.
 E = Time spent auto-exploring this place.
 F = Levels seen in this place.
 G = Mean time per level.
                   A        B        C        D        E       F      G
               +--------+--------+--------+--------+--------+-----+--------+
         Total |  31604 |  29732 |   1872 |   2142 |  18807 |  30 | 1053.5 |
       Dungeon |  15625 |  14508 |   1117 |   1570 |   8844 |  15 | 1041.7 |
        Temple |    185 |    163 |     22 |      0 |    145 |   1 |  185.0 |
          Lair |   7564 |   7105 |    459 |     86 |   4963 |   5 | 1512.8 |
        Shoals |   4475 |   4367 |    108 |    452 |   2808 |   4 | 1118.8 |
  Orcish Mines |   2229 |   2065 |    164 |     13 |   1430 |   2 | 1114.5 |
         Sewer |    426 |    426 |      0 |      0 |    159 |   1 |  426.0 |
      Ice Cave |    271 |    271 |      0 |     17 |     64 |   1 |  271.0 |
      Gauntlet |    826 |    826 |      0 |      4 |    392 |   1 |  826.0 |
               +--------+--------+--------+--------+--------+-----+--------+

Top non-repeatable levels by time:
    D:14: 2123 daAuts
  Lair:5: 1877 daAuts
Shoals:1: 1746 daAuts
  Lair:4: 1668 daAuts
    D:13: 1600 daAuts
  Lair:3: 1591 daAuts
    D:12: 1564 daAuts
Shoals:2: 1443 daAuts
     D:3: 1304 daAuts
Shoals:3: 1236 daAuts
    D:10: 1219 daAuts
  Lair:2: 1216 daAuts
  Lair:1: 1210 daAuts
   Orc:2: 1209 daAuts
     D:7: 1074 daAuts
